Selects Advanced Infantry Battlegroup
M1918 Browning Automatic Rifles
Selects Convert to Ranger Squad
Selects Frontline Medical Station
Frontline Medical Station
Frontline Medical Station
M18 Hellcat Tank Destroyer
Selects Ranger Weapon Training
Selects Ammunition Storage
M18 Hellcat Tank Destroyer
Selects M2A1 105mm Howitzer Emplacement
M18 Hellcat Tank Destroyer
Selects 155mm Rapid Artillery Barrage
M18 Hellcat Tank Destroyer
Selects 155mm Rapid Artillery Barrage
M18 Hellcat Tank Destroyer